 Dungeon Crawl Stone Soup version 0.31-a0-810-ga77100ea1a (webtiles) character file.

Game seed: 6517659162153598436

76 Newt the Shooter (level 4, -1/30 HPs)
             Began as a Kobold Hunter on Sept 21, 2023.
             Killed by divine providence
             ... invoked by an orc priest
              (12 damage)
             ... on level 4 of the Dungeon.
             The game lasted 00:01:02 (1592 turns).

Newt the Shooter (Kobold Hunter)                    Turns: 1592, Time: 00:01:05

Health: -1/30      AC:  3    Str:  8    XL:     4   Next: 57%
Magic:  4/4        EV: 11    Int: 10    God:
Gold:   128        SH:  0    Dex: 20    Spells: 3/3 levels left

rFire   . . .        a - +0 shortbow
rCold   . . .        (shield currently unavailable)
rNeg    . . .        c - +0 leather armour
rPois   .            (no helmet)
rElec   .            (no cloak)
rCorr   .            (no gloves)
SInv    .            (no boots)
Will    .....        (no amulet)
Stlth   +++          (no ring)
HPRegen 0.25/turn    (no ring)
MPRegen 0.09/turn

%: no passive effects
@: grasped by roots, constricted
A: small, no large weapons, nightstalker 3
a: no special abilities


You were on level 4 of the Dungeon.
You visited 1 branch of the dungeon, and saw 3 of its levels.

You collected 128 gold pieces.

Inventory:

Hand Weapons
 a - a +0 shortbow (weapon)
Armour
 c - a +0 leather armour (worn)
Scrolls
 b - 2 scrolls of butterflies
 f - a scroll of blinking {unknown}
 g - a scroll of vulnerability {unknown}
 j - a scroll of identify {unknown}
Potions
 d - a potion of degeneration {unknown}
 e - a potion of curing {unknown}
 h - a potion of haste {unknown}
 i - a potion of heal wounds {unknown}


   Skills:
 + Level 4.9 Fighting
 - Level 5.3 Ranged Weapons
 - Level 2.4 Dodging
 - Level 1.3 Stealth


You had 3 spell levels left.
You didn't know any spells.
Your spell library was empty.

Dungeon Overview and Level Annotations

Branches:
Dungeon (2/15)

Altars:

Shops:
D:1 (


Innate Abilities, Weirdness & Mutations

You are small and have problems with some larger weapons.
You are completely attuned to the shadows.


Message History

The orc shouts!
You hear a shout! x2
An orc comes into view. It is wielding a +0 mace.
An orc comes into view. It is wielding a +0 whip.
You shoot an arrow. The orc shouts!
The arrow hits the orc.
The orc is lightly wounded.
You shoot an arrow. The arrow hits the orc!
You kill the orc!
There are monsters nearby!
You shoot an arrow. The arrow hits the orc!
You kill the orc!
An orc priest comes into view.
It is wielding a +0 flail and carrying a wand of roots.
Unknown command.
The orc attacks as it pursues you! The orc closely misses you.
An orc is nearby!
The orc attacks as it pursues you! The orc hits you with a +0 whip.
You shoot an arrow.
The arrow hits the orc but does no damage.
The orc misses you. x2
You shoot an arrow. The arrow hits the orc!
You kill the orc!
You shoot an arrow. The arrow barely misses the orc priest.
The orc priest barely misses you.
You shoot an arrow. The arrow hits the orc priest!
The orc priest is heavily wounded.
The orc priest zaps a wand.
The roots erupt in riotous growth!
The grasping roots grab you!
The orc priest is unaffected.
The grasping roots constrict you.
You shoot an arrow.
The arrow hits the orc priest but does no damage.
The orc priest is heavily wounded.
The orc priest misses you. The grasping roots constrict you.
You shoot an arrow.
The arrow closely misses the orc priest.
The orc priest hits you with a +0 flail!
The grasping roots constrict you.
The orc priest invokes the aid of Beogh against you.
Beogh smites you!
You die...

#..# #..###..
#.......
##.###...
.###.###..##.#.#
......##..##.#.##
.###..##..##.....
..........##...##
..........@o.....
#####.#######)##.
#.# )# #.# .# o#


You could see an orc priest.

Vanquished Creatures
  An adder (D:2)
  2 worms (D:2)
  8 orcs
  A ball python (D:2)
  5 endoplasms
  3 giant cockroaches (D:2)
  3 goblins (D:2)
  5 hobgoblins (D:1)
  5 kobolds
  A quokka (D:1)
  7 bats
  4 frilled lizards
  6 rats (D:1)
51 creatures vanquished.

Notes
Turn   | Place    | Note
-------+----------+-------------------------------------------
     0 | D:1      | Newt the Kobold Hunter began the quest for the Orb.
     0 | D:1      | Reached XP level 1. HP: 12/12 MP: 1/1
   137 | D:1      | Reached XP level 2. HP: 18/18 MP: 2/2
   183 | D:1      | Found Jeukulag's Weapon Boutique.
   349 | D:1      | Reached XP level 3. HP: 23/23 MP: 3/3
  1036 | D:2      | Reached XP level 4. HP: 30/30 MP: 4/4
  1564 | D:2      | You fall into a shaft and drop 2 floors!
  1592 | D:4      | Killed from afar by an orc priest

Illustrated notes

Levels and vault maps discovered:
D:1:      reono_arrival_forest_river, layout_rooms, serial_shops, shop,
          hex_large
D:2:      layout_basic
D:4:      layout_loops_ring, serial_shops, nicolae_inconvenience_store,
          dreamdust_gnoll_farm, uniq_blork_the_orc, uniq_grinder

Skill      XL: |  1  2  3 |
---------------+----------+-----
Fighting       | 3 4 |  4.9
Ranged Weapons | |  5.3
Dodging        | |  2.4
Stealth        | |  1.3

Action                     |  1- 3 |  4- 6 || total
---------------------------+-------+-------++-------
   Fire: Shortbow          |    73 |    53 ||   126
 Armour: Leather armour    |     6 |    16 ||    22
  Dodge: Dodged            |    15 |    37 ||    52

Table legend: (Time is in decaauts)
 A = Elapsed time spent in this place.
 B = Non-inter-level travel time spent in this place.
 C = Inter-level travel time spent in this place.
 D = Time resting spent in this place.
 E = Time spent auto-exploring this place.
 F = Levels seen in this place.
 G = Mean time per level.
                   A        B        C        D        E       F      G
               +--------+--------+--------+--------+--------+-----+--------+
         Total |   1623 |   1620 |      3 |     56 |   1338 |   3 |  541.0 |
       Dungeon |   1623 |   1620 |      3 |     56 |   1338 |   3 |  541.0 |
               +--------+--------+--------+--------+--------+-----+--------+

Top non-repeatable levels by time:
     D:2: 1017 daAuts
     D:1: 576 daAuts
     D:4: 29 daAuts
